 Dungeon Sprint DCSS version 0.29-a0-723-gce39da1c22 (webtiles) character file.

Game seed: 5963980040827396900

1132 manyhoops the Severer (level 8, -9/58 HPs)
             Began as a Formicid Fighter on June 28, 2022.
             Shot with a bolt by a yaktaur captain (43 damage)
             ... in the Dungeon (Sprint II: "The Violet Keep of Menkaure").
             The game lasted 00:03:25 (1042 turns).

manyhoops the Severer (Formicid Fighter)            Turns: 1042, Time: 00:03:25

Health: -9/58      AC:  8    Str: 24    XL:     8   Next: 62%
Magic:  8/8        EV:  9    Int:  7    God:
Gold:   399        SH:  5    Dex: 17    Spells: 7/7 levels left

rFire   . . .      SeeInvis +   a - +0 war axe
rCold   . . .      Faith    .   c - +0 buckler
rNeg    . . .      Spirit   .   b - +0 scale mail
rPois   +          Reflect  .   (helmet unavailable)
rElec   +          Harm     .   (no cloak)
rCorr   .          Rampage  .   (no gloves)
Will    .....                   d - +0 pair of boots "Huytsab" {Drain rPois Dex+4}
Stlth   ..........              (no amulet)
HPRegen 0.19/turn               (no ring)
MPRegen 0.11/turn               (no ring)

@: no status effects
A: permanent stasis, dig shafts and tunnels, antennae 3, four strong arms,
screaming 1, electricity resistance
a: Dig


You were in the Dungeon.
You visited 1 branch You collected 2268 gold pieces.
You spent 1869 gold pieces at shops.

Inventory:

Hand Weapons
 a - a +0 war axe (weapon)
Armour
 b - a +0 scale mail (worn)
 c - a +0 buckler (worn)
 d - the +0 pair of boots "Huytsab" (worn) {Drain rPois Dex+4}
   (You bought it in a shop in the Dungeon)

   Dex:       It affects your dexterity (+4).
   rPois:     It protects you from poison.
   Drain:     It drains your maximum health when unequipped.
Potions
 e - a potion of curing
 g - 2 potions of magic


   Skills:
 + Level 3.2 Fighting
 - Level 17.5 Axes
 - Level 3.2 Armour
 - Level 4.0 Shields


You had 7 spell levels left.
You didn't know any spells.
Your spell library was empty.

Dungeon Overview and Level Annotations

Branches:
Dungeon (1/1)

Altars:
Beogh

Shops:
D (:?[[!=!=:[?[!:

Annotations:
D exclusion: oklob plant, Kirke


Innate Abilities, Weirdness & Mutations

You cannot be hasted, slowed, berserked, paralysed or teleported.
You can dig through walls and to a lower floor.
You have a pair of large antennae on your head. (SInv)
Your four strong arms can wield two-handed weapons with a shield.
You occasionally shout uncontrollably at your foes.
You are resistant to electric shocks. (rElec)


Message History

Okay, then.
You drop a +0 pair of boots.
Found a leather armour.
There is an entrance to Geaj's Distillery here.
Found a robe.
The slime creature quivers. x2
There is a fountain of clear blue water here.
Two slime creatures merge to form a large slime creature.
You open the door.
There is an open door, spattered with blood here.
You enter the shallow water.
Moving in this stuff is going to be slow.
Two slime creatures merge to form a large slime creature.
There is an open door here.
You see here a necrophage skeleton.
There is an open door, spattered with blood here.
You see here a necrophage skeleton.
There is a staircase leading out of the dungeon here.
There is an open door, spattered with blood here.
As you open the door, it creaks loudly!
There is an open door here.
Found a roughly hewn altar of Beogh.
Okay, then.
Okay, then.
You are engulfed in a cloud of scalding steam.
There is an open door here.
There is an open door here.
The walls and floor vibrate strangely for a moment.
There is an open door here.
Kirke, a skeletal warrior and a yaktaur captain come into view.
Kirke shouts!
The yaktaur captain shouts!
You hear a shout!
You hear a trumpeting!
The yaktaur captain wields a +0 arbalest.
The yaktaur captain shoots a bolt.
The bolt hits you!!
A centaur warrior comes into view.
Kirke moves out of view.
You open the door.
The yaktaur captain shoots a bolt.
The bolt hits you!!!
Ouch! That really hurt!
You die...

####+#### {##≈≈≈§≈≈≈## { {
##§≈≈≈≈≈≈≈≈## { {{+≈≈≈≈§§§§≈§§#
{{{ { c #≈≈≈SSS≈§≈ {{{
{zc.≈##{{SSSS {
##########c≈#+++#+++##
#########≈≈≈.........#{
∩.......#≈≈≈≈.##@##..# {
.∩.....∩#≈≈≈≈####.##.####
..∩...∩.#≈≈≈≈#..##.#....# {
.∩.∩.∩.∩#≈≈####...####..##
..∩.∩.∩.#≈##.###'###.##..#{{
...∩.∩..#≈#..÷##.##.#.#..#{
....⌠...'≈'.##÷.<.'###'..###
........#≈#..÷##.##.#.#....###..
▓▓▓▓▓▓###≈##.###+###.##......≈≈≈


You could see a yaktaur captain and 6 electric eels.

Vanquished Creatures
  2 wyverns (D)
  4 neqoxecs (D)
  A water moccasin (D)
  4 necrophages (D)
11 creatures vanquished.

Vanquished Creatures (others)
  Menkaure (D)
  A water moccasin (D)
2 creatures vanquished.

Grand Total: 13 creatures vanquished

Notes
Turn   | Place    | Note
-------+----------+-------------------------------------------
     0 | D        | manyhoops the Formicid Fighter began the quest for the Orb.
     0 | D        | Reached XP level 1. HP: 18/18 MP: 1/1
     1 | D        | Noticed a neqoxec
     1 | D        | Noticed a neqoxec
     1 | D        | Noticed a neqoxec
     1 | D        | Noticed a neqoxec
     6 | D        | Killed a neqoxec
     7 | D        | Reached skill level 9 in Axes
     7 | D        | Reached XP level 2. HP: 24/24 MP: 2/2
     7 | D        | Reached XP level 3. HP: 29/29 MP: 3/3
     7 | D        | Reached XP level 4. HP: 35/35 MP: 4/4
     7 | D        | Reached XP level 5. HP: 41/41 MP: 5/5
    12 | D        | Killed a neqoxec
    13 | D        | Reached skill level 12 in Axes
    13 | D        | Reached XP level 6. HP: 34/47 MP: 6/6
    13 | D        | Gained mutation: Armour fits poorly on your strangely
                  | shaped body. [a neqoxec]
    17 | D        | Killed a neqoxec
    18 | D        | Reached skill level 13 in Axes
    18 | D        | Reached XP level 7. HP: 24/52 MP: 7/7
    28 | D        | Gained mutation: You are frail. (-10% HP) [a neqoxec]
    30 | D        | HP: 1/46 [neqoxec (3)]
    35 | D        | Killed a neqoxec
    36 | D        | Reached skill level 14 in Axes
    37 | D        | Killed Menkaure
   253 | D        | Noticed a wyvern
   253 | D        | Noticed a wyvern
   268 | D        | Killed a wyvern
   268 | D        | HP: 2/46 [wyvern (2)]
   269 | D        | Reached skill level 15 in Axes
   273 | D        | Killed a wyvern
   274 | D        | Reached skill level 16 in Axes
   274 | D        | Reached XP level 8. HP: 3/52 MP: 8/8
   584 | D        | Reached skill level 17 in Axes
   768 | D        | Noticed a boulder beetle
   768 | D        | Noticed a boulder beetle
   775 | D        | Found Wexuofiv's Antique Armour Shop.
   775 | D        | Found Icub's Jewellery Boutique.
   775 | D        | Found Hityox's Book Shop.
   775 | D        | Found Duonois's Book Boutique.
   775 | D        | Found Beovic's Magic Scroll Boutique.
   775 | D        | Found Comogus's Distillery.
   776 | D        | Found Raeb Wideck's Armour Shop.
   776 | D        | Found Geaj's Distillery.
   776 | D        | Found Okynusun's Jewellery Shop.
   777 | D        | Found Igoog's Distillery.
   777 | D        | Found Loajeobb's Antique Armour Boutique.
   777 | D        | Noticed a wyvern
   779 | D        | Found Irchoiru's Antique Armour Boutique.
   779 | D        | Found Ciokh's Magic Scroll Shop.
   779 | D        | Noticed a wyvern
   779 | D        | Noticed an oklob plant
   779 | D        | Noticed a slime creature
   780 | D        | Found Ebbaff's Antique Weapon Boutique.
   780 | D        | Found Jujotim's Book Shoppe.
   962 | D        | Bought a scroll of acquirement for 728 gold pieces
   962 | D        | Acquired 772 gold pieces
   971 | D        | Bought 2 potions of mutation for 224 gold pieces
   971 | D        | Lost mutation: Armour fits poorly on your strangely shaped
                  | body. [potion of mutation]
   971 | D        | Lost mutation: You are frail. (-10% HP) [potion of
                  | mutation]
   971 | D        | Gained mutation: You are frail. (-10% HP) [potion of
                  | mutation]
   972 | D        | Lost mutation: You are frail. (-10% HP) [potion of
                  | mutation]
   972 | D        | Gained mutation: You occasionally shout uncontrollably at
                  | your foes. [potion of mutation]
   972 | D        | Gained mutation: You are resistant to electric shocks.
                  | (rElec) [potion of mutation]
   981 | D        | Bought a scroll of acquirement for 520 gold pieces
   981 | D        | Acquired 767 gold pieces
   984 | D        | Bought a pair of faintly glowing boots for 285 gold pieces
   984 | D        | Identified the +0 pair of boots "Huytsab" {Drain rPois
                  | Dex+4} (You bought it in a shop in the Dungeon)
   989 | D        | Noticed a shining eye
   990 | D        | Bought a pair of boots for 112 gold pieces
   993 | D        | Noticed a slime creature
   993 | D        | Noticed a slime creature
  1039 | D        | Noticed Kirke
  1039 | D        | Noticed a skeletal warrior
  1039 | D        | Noticed a yaktaur captain
  1039 | D        | Noticed a centaur warrior
  1042 | D        | Shot with a bolt by a yaktaur captain

Illustrated notes

Levels and vault maps discovered:
D:        the_violet_keep_of_menkaure [sprint2_stairs_cluster_1,
          sprint2_shoproom, sprint2_temple, sprint2_basic_supplies,
          sprint2_obstacle_4, sprint2_obstacle_2, sprint2_obstacle_7,
          sprint2_obstacle_3, sprint2_obstacle_6, sprint2_timed_cluster_1,
          sprint2_smallroom_cluster_1, sprint2_smallroom_final_cluster_1,
          sprint2_transparent_cluster_1, sprint2_second_timed_cluster_1,
          sprint2_sniper_area_1, sprint2_heavy_combat_area_1,
          sprint2_mutation_trap_area_1, sprint2_forest_area_1,
          sprint2_light_combat_area_1, sprint2_behind_water_1,
          sprint2_near_end_vault_1]

Skill      XL: |  1  2  3  4  5  6  7  8 |
---------------+-------------------------+-----
Axes           | 9 12 13 16 17 | 17.5
Fighting       | |  3.2
Armour         | |  3.2
Shields        | |  4.0

Action                   |  1- 3 |  4- 6 |  7- 9 || total
-------------------------+-------+-------+-------++-------
Melee: War axe           |     4 |    11 |    68 ||    83
  Use: Potion            |     1 |       |     3 ||     4
       Scroll            |       |       |     2 ||     2
Armor: Scale mail        |     1 |       |     6 ||     7
Dodge: Dodged            |     3 |     1 |    17 ||    21
Block: Buckler           |       |     1 |    16 ||    17

Table legend: (Time is in decaauts)
 A = Elapsed time spent in this place.
 B = Non-inter-level travel time spent in this place.
 C = Inter-level travel time spent in this place.
 D = Time resting spent in this place.
 E = Time spent auto-exploring this place.
 F = Levels seen in this place.
 G = Mean time per level.
                   A        B        C        D        E       F      G
               +--------+--------+--------+--------+--------+-----+--------+
         Total |   1028 |   1028 |      0 |    825 |      0 |   1 | 1028.0 |
       Dungeon |   1028 |   1028 |      0 |    825 |      0 |   1 | 1028.0 |
               +--------+--------+--------+--------+--------+-----+--------+

Top non-repeatable levels by time:
       D: 1028 daAuts
